 Dungeon Crawl Stone Soup version 0.32-a0-12-g7fc57aa741 (webtiles) character file.

Game seed: 4692590793026604850

83963 Jannitor the Fighter (level 15, -14/109 (120) HPs)
             Began as a Demonspawn Reaver on Jan 14, 2024.
             Was a Plaything of Xom.
             Demolished by Rupert
             ... wielding a +3 vampiric executioner's axe
              (29 damage)
             ... on level 13 of the Dungeon.
             The game lasted 00:42:32 (21714 turns).

Jannitor the Fighter (Demonspawn Reaver)           Turns: 21714, Time: 00:42:33

HP:   -14/109 (120) AC: 14    Str: 12    XL:     15   Next: 33%
MP:   21/21         EV: 21    Int: 12    God:    Xom [.*....]
Gold: 1166          SH:  5    Dex: 23    Spells: 16/22 levels left

rFire   + . .        E - +1 quick blade (venom)
rCold   + . .        (no shield)
rNeg    . . .        K - +1 robe of Vines {NoPotionHeal Regen++++}
rPois   +            (helmet restricted)
rElec   .            D - +0 cloak "Ypoogapp" {rPois Slay+2}
rCorr   .            (gloves unavailable)
SInv    +            y - +0 pair of boots
Will    +....        R - amulet of reflection
Stlth   ++++++++     H - ring of the Tortoise {AC+8}
HPRegen 3.58/turn    o - ring of protection from cold
MPRegen 0.17/turn

%: reflection
@: drained, unable to read
A: thin skeletal structure 2, demonic guardian 2, ignite blood 1, demonic touch
3, horns 1, camouflage 1, see invisible, dopey 1, fire resistance 1, inability
to read after injury 2, noise suppression
a: Renounce Religion


You were on level 13 of the Dungeon.
You worshipped Xom.
You were a plaything of Xom.
You visited 3 branches of the dungeon, and saw 20 of its levels.
You also visited: Bailey.

You collected 2158 gold pieces.
You spent 992 gold pieces at shops.

Inventory:

Hand Weapons
 E - a +1 quick blade of venom (weapon)
Missiles
 j - 5 throwing nets
Armour
 p - a +4 scale mail of positive energy
 t - the +3 robe of Gusi {rElec rN++ Dex-3 Archmagi}
   (You found it on level 6 of the Dungeon)

   Dex-3:     It affects your dexterity (-3).
   rElec:     It insulates you from electricity.
   rN++:      It greatly protects you from negative energy.
   Archmagi:  It increases the power of your magical spells.
 w - +0 steam dragon scales
 y - a +0 pair of boots (worn)
 z - a +2 leather armour of cold resistance
 D - the +0 cloak "Ypoogapp" (worn) {rPois Slay+2}
   (You acquired it on level 10 of the Dungeon)

   Slay+2:    It affects your accuracy & damage with ranged weapons and melee
   (+2).
   rPois:     It protects you from poison
 F - a +0 troll leather armour
 K - the +1 robe of Vines (worn) {NoPotionHeal Regen++++}
   (You found it on level 3 of the Lair of Beasts)

   NoPotionHeal: Its wearer cannot be healed by potions.
   Regen++++: It increases your rate of health regeneration.
Jewellery
 c - an amulet of guardian spirit
 e - a ring of wizardry
 i - a ring of resist corrosion
 o - a ring of protection from cold (right hand)
 H - the ring of the Tortoise (left hand) {AC+8}
   (Xom gifted it to you on level 2 of the Lair of Beasts)

   [ring of protection]

   AC+8:      It affects your AC (+8).
 L - a ring of willpower
 R - an amulet of reflection (around neck)
 S - an amulet of magic regeneration
Wands
 b - a wand of flame (25)
 k - a wand of charming (15)
 q - a wand of polymorph (7)
 J - a wand of mindburst (14)
 Q - a wand of acid (2)
Scrolls
 d - 2 scrolls of revelation
 f - 3 scrolls of vulnerability
 h - a scroll of butterflies
 n - 2 scrolls of silence
 r - 2 scrolls of poison
 s - a scroll of fear
 u - 8 scrolls of teleportation
 v - 5 scrolls of amnesia
 C - 3 scrolls of enchant armour
 I - a scroll of immolation
 M - 2 scrolls of noise {unknown}
 T - 3 scrolls of blinking
Potions
 a - 2 potions of might
 g - 2 potions of curing
 l - 2 potions of brilliance
 m - 3 potions of lignification
 x - a potion of cancellation
 A - a potion of attraction
 B - 2 potions of haste
 G - 2 potions of enlightenment
 P - 2 potions of mutation {unknown}
 W - a potion of invisibility {unknown}
Miscellaneous
 N - a phial of floods
 O - a condenser vane
 U - a lightning rod (4/4)
 V - a phantom mirror (inert)


   Skills:
 + Level 12.0 Fighting
 + Level 11.3 Short Blades
 + Level 9.6 Armour
 + Level 11.0 Dodging
 + Level 11.3 Stealth
 - Level 4.4 Spellcasting
 - Level 5.3 Conjurations
 - Level 8.6 Hexes
 + Level 4.6 Evocations


You had 16 spell levels left.
You knew the following spells:

 Your Spells              Type           Power      Damage    Failure   Level
a - Kiss of Death         Conj/Necr      36%        2d8       7%          1
b - Dazzling Flash        Conj/Hex       38%        N/A       3%          3
c - Searing Ray           Conj           30%        2d5       3%          2

Your spell library contained the following spells:

 Spells                   Type           Power      Damage    Failure   Level
 Magic Dart               Conj           60%        1d6       2%          1
 Shock                    Conj/Air       36%        1d5       7%          1
 Momentum Strike          Conj/Tloc      18%        3d8       11%         2
 Hailstorm                Conj/Ice       9%         3d6       22%         3
 Blink                    Tloc           4%         N/A       32%         2
 Cigotuvi's Dreadful Rot  Necr/Alch/Air  4%         N/A       32%         2
 Lesser Beckoning         Tloc           4%         N/A       32%         2
 Scorch                   Fire           4%         2d5       32%         2
 Sublimation of Blood     Necr           2%         N/A       32%         2
 Swiftness                Air            2%         N/A       54%         3
 Volatile Blastmotes      Fire/Tloc      4%         2d10      54%         3
 Flame Wave               Conj/Fire      9%         2d6       56%         4
 Fulminant Prism          Conj/Alch      4%         3d5       56%         4
 Irradiate                Conj/Alch      4%         3d13      89%         5
 Airstrike                Air            1%         2d(1-17)  91%         4
 Dispel Undead            Necr           2%         3d7       91%         4
 Martyr's Knell           Necr/Summ      2%         N/A       91%         4
 Petrify                  Alch/Erth      2%         N/A       91%         4
 Alistair's Intoxication  Alch           1%         N/A       99%         5
 Borgnjor's Vile Clutch   Necr/Erth      1%         N/A       99%         5
 Death Channel            Necr           1%         N/A       100%        6
 Eringya's Noxious Bog    Alch           1%         4d6       100%        6
 Starburst                Conj/Fire      4%         6d4       100%        6
 Summon Cactus Giant      Summ           1%         N/A       100%        6
 Maxwell's Capacitive Co  Air            1%         ∞         100%        8


Dungeon Overview and Level Annotations

Branches:
Dungeon (13/15)            Temple (0/1) D:5            Lair (5/5) D:10
  Swamp (0/4) Lair:2       Spider (0/4) Lair:2        Slime (0/5) Lair:5
    Orc (2/2) D:11            Elf (0/3) Orc:2        Bailey (visited)
 Vaults: D:13-14

Altars:
Cheibriados
Dithmenos
Kikubaaqudgha
Nemelex Xobeh
Okawaru
Qazlal
Ru
Sif Muna
Xom
Yredelemnul
Jiyva

Shops:
D:9 [   Orc:1 =   Orc:2 [?**

Annotations:
D:4 3 runed translucent doors, cariele's ghost, novice DEAl
D:11 2 transporters, Gosmif's ghost, journeyman DsSh
D:13 Rupert


Innate Abilities, Weirdness & Mutations

You have a moderately thin skeletal structure. (Dex +4, Stealth++)
A demonic guardian rushes to your aid.
Your demonic aura sometimes causes spilled blood to erupt in flames.
Your touch may irresistibly damage your foes and sap their willpower.
You have a pair of small horns on your head.
Your skin changes colour to match your surroundings (Stealth+).
You have supernaturally acute eyesight. (SInv)
You are dopey. (Int -2)
Your flesh is heat resistant. (rF+)
You sometimes lose the ability to read scrolls when taking damage.
You passively dampen the noise of your surroundings.


Message History

Rupert is heavily wounded.
Rupert hits you with a +3 vampiric executioner's axe!
You feel threatened and lose the ability to read scrolls!
Rupert draws strength from your wounds!
You hit Rupert.
Rupert looks as sick as possible!
You headbutt Rupert, but do no damage.
You touch Rupert!
You sap his willpower!
You hit Rupert but do no damage.
Rupert looks as sick as possible!
Your touch misses Rupert.
Rupert is heavily wounded.
Rupert misses you.
You closely miss Rupert.
You touch Rupert!
You sap his willpower!
You hit Rupert but do no damage.
Rupert looks as sick as possible!
Rupert is heavily wounded.
Rupert hits you with a +3 vampiric executioner's axe!!!
Rupert draws strength from your wounds!
Aiming: Phantom Mirror
Press: ? - help, Dir - move target, f - Rupert
Aim: Rupert, wielding a +3 vampiric executioner's axe and wearing a +0 chain mail (moderately wounded, berserk, extremely poisoned, weak-willed)
You reflect Rupert with the mirror!
The mirror clouds!
Rupert hits Rupert with a +3 vampiric executioner's axe!!!
Rupert hits you with a +3 vampiric executioner's axe.
Rupert draws strength from your wounds!
Rupert hits Rupert with a +3 vampiric executioner's axe!
You hit Rupert but do no damage.
Rupert looks as sick as possible!
You hit Rupert but do no damage.
Rupert looks as sick as possible!
You headbutt Rupert.
Rupert is severely wounded.
Rupert hits you with a +3 vampiric executioner's axe!!!
Rupert hits Rupert with a +3 vampiric executioner's axe!!
Rupert barely misses Rupert.
Rupert barely misses Rupert.
Rupert attacks as he pursues you!
Rupert hits you with a +3 vampiric executioner's axe!!
* * * LOW HITPOINT WARNING * * *
A demonic guardian appears!
Rupert draws strength from your wounds!
Rupert hits Rupert with a +3 vampiric executioner's axe! x2
Rupert is engulfed in blazing flames. x2
Rupert hits you with a +3 vampiric executioner's axe!!
You die...
Rupert roars with triumph.
Xom cackles wildly!

#.........#####
#.........##..##..#
#..............#..###
#..............#....
#<....#........#...
#######...##..##..#
######..##..#
#.......#...#
#.......#.@.#
#.......'.@.#
#.......#○@3#
#.......#...#
#.......#####
######+##


You could see Rupert (berserk, extremely poisoned, weak-willed, ally target),
the friendly Rupert (summoned, berserk, extremely poisoned, weak-willed,
drained) and a friendly smoke demon (summoned).

Vanquished Creatures
  Saint Roka (Orc:2)
  2 orc warlords
  2 boulder beetles
  5 hydras
  A merfolk avatar (Lair:5)
  A centaur warrior (D:11)
  3 death yaks (Lair:4)
  2 two-headed ogres
  2 orc high priests (Orc:2)
  A goliath frog (D:10)
  A deep troll (D:10)
  A sea snake (Lair:5)
  A flayed ghost (D:10)
  6 orc knights
  2 harpies (Lair:5)
  3 wolf spiders (Lair:4)
  3 orc sorcerers
  5 manticores
  Maurice (Orc:2)
  2 cyclopes (D:11)
  3 black mambas
  13 elephants
  2 kobold blastminers (Orc:2)
  11 cane toads
  Maggie (D:7)
  A gargoyle (D:11)
  2 unseen horrors
  10 komodo dragons
  A kobold demonologist (D:10)
  2 rime drakes (Lair:5)
  A tengu conjurer (D:11)
  A wind drake (Lair:5)
  3 hornets
  A polar bear (shapeshifter) (D:10)
  Prince Ribbit (D:6)
  2 polar bears
  9 trolls
  A hornet (shapeshifter) (D:9)
  17 blink frogs
  A dream sheep (Lair:5)
  2 vampires
  A shadow (D:10)
  5 slime creatures (D:12)
  2 culicivoras (Lair:2)
  8 wyverns
  4 basilisks
  55 yaks
  2 wraiths (D:10)
  4 steam dragons
  2 humans (D:9)
  8 wargs
  8 vampire mosquitoes
  An acid dragon (D:10)
  9 water moccasins
  39 orc warriors
  A sky beast (D:6)
  2 black bears
  12 wolves
  A black bear (shapeshifter) (Lair:1)
  3 ice beasts
  11 ogres
  7 centaurs
  A phantom (D:6)
  3 gnoll sergeants
  11 bullfrogs
  3 scorpions (D:6)
  6 wights (D:6)
  13 killer bees
  2 howler monkeys (D:10)
  5 electric eels
  2 bullfrog zombies (D:7)
  18 orc priests
  6 hounds
  2 jellies
  3 sleepcaps
  An iguana (D:5)
  Natasha (twice) (D:3)
  35 orc wizards
  7 hell rats (Lair:3)
  25 gnolls
  A river rat (shapeshifter) (Orc:1)
  17 adders
  2 white imps (D:4)
  3 dart slugs
  66 orcs
  9 ball pythons
  4 bats
  7 endoplasms
  4 giant cockroaches
  12 goblins
  12 hobgoblins
  3 jackals (D:3)
  4 quokkas
  9 kobolds
  8 rats
621 creatures vanquished.

Vanquished Creatures (collateral kills)
  2 orc high priests
  2 orc knights (Orc:2)
  2 orc sorcerers (Orc:2)
  An elephant (Lair:2)
  A cane toad (Lair:5)
  2 kobold demonologists (Bailey)
  A dream sheep (Lair:5)
  4 orc warriors
  2 wolves (Lair:5)
  A gnoll sergeant (D:8)
  2 wights (D:5)
  3 electric eels (Bailey)
  2 orc priests (Orc:2)
  Natasha (D:3)
  4 gnolls
  5 orcs
  A goblin (Bailey)
  A hobgoblin (Bailey)
37 creatures vanquished.

Vanquished Creatures (others)
  A hydra (Lair:5)
  A manticore (Lair:5)
  3 dream sheep (Lair:5)
  A yak (D:8)
6 creatures vanquished.

Grand Total: 664 creatures vanquished

Notes
Turn   | Place    | Note
-------+----------+-------------------------------------------
     0 | D:1      | Jannitor the Demonspawn Reaver began the quest for the Orb.
     0 | D:1      | Reached XP level 1. HP: 16/16 MP: 3/3
   523 | D:1      | Gained mutation: Your touch may inflict minor irresistible
                  | damage on your foes. [demonic ancestry]
   523 | D:1      | Reached XP level 2. HP: 22/22 MP: 5/5
  1134 | D:2      | Gained mutation: A weak demonic guardian rushes to your
                  | aid. [demonic ancestry]
  1134 | D:2      | Reached XP level 3. HP: 28/28 MP: 6/6
  1579 | D:2      | Found a faded altar of an unknown god.
  1950 | D:3      | Noticed Natasha
  2140 | D:3      | Killed Natasha
  2141 | D:3      | Gained mutation: You have a somewhat thin skeletal
                  | structure. (Dex +2, Stealth+) [demonic ancestry]
  2141 | D:3      | Reached XP level 4. HP: 30/34 MP: 4/7
  2205 | D:3      | Noticed Natasha
  2218 | D:3      | Killed Natasha
  2465 | D:3      | Noticed Natasha
  2493 | D:3      | Reached XP level 5. HP: 11/40 MP: 3/9
  2608 | D:3      | Killed Natasha
  2609 | D:3      | Reached skill level 3 in Fighting
  2662 | D:3      | Found a shadowy altar of Dithmenos.
  2662 | D:3      | Found a shimmering blue altar of Sif Muna.
  2665 | D:3      | Found a sacrificial altar of Ru.
  3061 | D:3      | Reached skill level 1 in Stealth
  3212 | D:3      | Found an ancient bone altar of Kikubaaqudgha.
  3707 | D:4      | Gained mutation: Your touch may inflict irresistible damage
                  | on your foes. [demonic ancestry]
  3707 | D:4      | Reached XP level 6. HP: 41/47 MP: 8/10
  3934 | D:4      | Found a runed translucent gate.
  3935 | D:4      | Found a runed translucent gate.
  3935 | D:4      | Noticed cariele's ghost (novice DEAl)
  4030 | D:4      | Found a runed translucent gate.
  4248 | D:5      | Entered Level 5 of the Dungeon
  4345 | D:5      | Reached XP level 7. HP: 44/53 MP: 8/12
  4495 | D:5      | Found a shimmering altar of Xom.
  4732 | D:4      | Reached skill level 4 in Fighting
  4887 | D:5      | Became a worshipper of Xom of Chaos
  5201 | D:5      | XOM: silly message
  5239 | D:5      | Found a staircase to the Ecumenical Temple.
  5332 | D:5      | Found a snail-covered altar of Cheibriados.
  5345 | D:5      | XOM: divination: detect creatures
  5348 | D:5      | XOM: divination: magic mapping
  5379 | D:5      | Reached XP level 8. HP: 37/61 MP: 7/14
  5453 | D:5      | XOM: give mutations
  5453 | D:5      | Gained mutation: You do not regenerate when monsters are
                  | visible. [Xom's mischief]
  5453 | D:5      | Gained mutation: Your muscles are strong. (Str +4, Int/Dex
                  | -1) [Xom's mischief]
  5453 | D:5      | Gained mutation: You occasionally lose the ability to read
                  | scrolls when taking damage. [Xom's mischief]
  5453 | D:5      | Gained mutation: You sometimes lose the ability to read
                  | scrolls when taking damage. [Xom's mischief]
  5486 | D:5      | XOM: divination: detect creatures
  5631 | D:5      | XOM: noise
  5727 | D:5      | Found a sparkling altar of Nemelex Xobeh.
  5828 | D:6      | Reached skill level 5 in Conjurations
  5986 | D:6      | XOM: divination: magic mapping
  6315 | D:6      | XOM: potion effect (curing)
  6321 | D:6      | Reached skill level 5 in Short Blades
  6383 | D:6      | XOM: give mutations
  6383 | D:6      | Gained mutation: Your skin changes colour to match your
                  | surroundings (Stealth+). [Xom's grace]
  6383 | D:6      | Gained mutation: You are resistant to electric shocks.
                  | (rElec) [Xom's grace]
  6383 | D:6      | Gained mutation: You have a pair of small horns on your
                  | head. [Xom's grace]
  6420 | D:6      | XOM: give mutations
  6420 | D:6      | Gained mutation: You have sharp toenails. [Xom's grace]
  6420 | D:6      | Gained mutation: Your flesh is heat resistant. (rF+) [Xom's
                  | grace]
  6420 | D:6      | Gained mutation: You are partially covered in large bone
                  | plates. (SH +4) [Xom's grace]
  6460 | D:6      | XOM: give mutations
  6460 | D:6      | Gained mutation: Your spells are a little harder to cast,
                  | but a little more powerful. [Xom's grace]
  6460 | D:6      | Gained mutation: You possess an exceptional clarity of
                  | mind. [Xom's grace]
  6460 | D:6      | Gained mutation: Your mind is acute. (Int +4, Str/Dex -1)
                  | [Xom's grace]
  6460 | D:6      | Gained mutation: You expend magic power (3 MP) to
                  | strengthen your wands. [Xom's grace]
  6518 | D:6      | Reached skill level 5 in Fighting
  6521 | D:6      | XOM: polymorph ogre -> gnoll
  6528 | D:6      | Learned a level 3 spell: Dazzling Flash
  6641 | D:6      | XOM: god gift: 56 gold pieces
  6709 | D:6      | Noticed Prince Ribbit
  6714 | D:6      | Killed Prince Ribbit
  6715 | D:6      | Reached skill level 1 in Hexes
  6849 | D:6      | XOM: summons friendly ufetubus
  6859 | D:6      | Gained mutation: Your demonic aura sometimes causes spilled
                  | blood to erupt in flames. [demonic ancestry]
  6859 | D:6      | Reached XP level 9. HP: 56/68 MP: 12/15
  6999 | D:6      | Identified the +3 robe of Gusi {rElec rN++ Dex-3 Archmagi}
  7006 | D:6      | Reached skill level 5 in Dodging
  7245 | D:6      | XOM: cloud trail
  7463 | D:7      | XOM: 6-stop teleportation journey
  7486 | D:7      | XOM: draining
  7487 | D:7      | XOM: god gift: sedimented puce potion {god gift}
  7673 | D:7      | Noticed Maggie
  7677 | D:7      | Killed Maggie
  7678 | D:7      | Reached skill level 6 in Fighting
  7678 | D:7      | Reached skill level 1 in Armour
  7678 | D:7      | Reached skill level 5 in Stealth
  7704 | D:7      | XOM: give mutation
  7704 | D:7      | Gained mutation: You are covered in fur. (AC +1) [Xom's
                  | grace]
  7810 | D:7      | Found a basalt altar of Yredelemnul.
  7945 | D:8      | XOM: smoke on damage
  8023 | D:8      | XOM: cast spell 'Iskenderun's Battlesphere'
  8031 | D:7      | XOM: noise
  8107 | D:7      | XOM is BORED!
  8107 | D:7      | XOM: noise
  8358 | D:8      | XOM: polymorph yak -> wolf
  8360 | D:8      | XOM: enchant monster (good)
  8385 | D:8      | Gained mutation: A demonic guardian rushes to your aid.
                  | [demonic ancestry]
  8385 | D:8      | Reached XP level 10. HP: 48/77 MP: 12/16
  8509 | D:8      | Found a stormy altar of Qazlal.
  8569 | D:8      | XOM: summons 2 friendly demons
  8723 | D:8      | XOM: fog
  9116 | D:8      | XOM: cloud trail
  9321 | D:9      | Found Pirghac's Armour Emporium.
  9322 | D:9      | XOM: scenery: 1 doors open, 1 doors close
  9328 | D:9      | XOM: swap monsters
  9336 | D:9      | Reached skill level 7 in Fighting
  9342 | D:9      | Bought a +2 pair of gloves for 198 gold pieces
  9367 | D:9      | Found a flagged portal.
  9380 | Bailey   | Entered a bailey
  9390 | Bailey   | Learned a level 2 spell: Searing Ray
  9526 | Bailey   | XOM: 2-stop teleportation journey
  9671 | Bailey   | Noticed an orc knight
  9675 | Bailey   | Killed an orc knight
  9690 | Bailey   | XOM: destruction
  9710 | Bailey   | Reached skill level 5 in Hexes
  9721 | Bailey   | Found an iron altar of Okawaru.
  9903 | Bailey   | Reached XP level 11. HP: 83/84 MP: 15/17
  9916 | Bailey   | XOM is BORED!
  9916 | Bailey   | XOM: summons 2 hostile demons
 10044 | Bailey   | Acquired a +0 quick blade of venom
 10072 | Bailey   | Reached skill level 8 in Fighting
 10072 | Bailey   | Reached skill level 5 in Armour
 10072 | Bailey   | Reached XP level 12. HP: 94/94 MP: 18/18
 10263 | D:9      | Found an iron altar of Okawaru.
 10537 | D:9      | XOM: cloud trail
 10550 | D:10     | Entered Level 10 of the Dungeon
 10855 | D:10     | XOM: cast spell 'Monstrous Menagerie'
 10859 | D:10     | XOM: summons 2 friendly demons
 10877 | D:10     | XOM: divination: detect creatures
 11040 | D:10     | Found a staircase to the Lair.
 11279 | D:10     | Reached skill level 9 in Fighting
 11656 | D:10     | Identified the staff "Xeuskao" {Fly rN+ Str+2 Earth}
 11803 | D:10     | Acquired the +0 cloak "Ypoogapp" {rPois Slay+2}
 12150 | D:10     | XOM: divination: detect items
 12152 | D:10     | XOM: noise
 12449 | D:10     | XOM: summons 7 hostile demons
 12514 | D:10     | Noticed Harold
 12521 | D:10     | Harold changed into Harold the goliath frog
 12521 | D:10     | Noticed Harold
 12521 | D:10     | XOM: polymorph Harold -> Harold the goliath frog
 12523 | D:10     | XOM: summons 3 friendly demons
 12525 | D:10     | Killed Harold the goliath frog
 12591 | D:10     | XOM: stat loss: -1 Int (16/17)
 12870 | D:11     | XOM: confuse monster(s)
 12933 | D:11     | XOM: swap monsters
 12939 | D:11     | XOM: 4-stop teleportation journey
 12987 | D:11     | XOM: give mutations
 12987 | D:11     | Gained mutation: You have a pair of horns on your head.
                  | [Xom's grace]
 12987 | D:11     | Gained mutation: Your mind is very acute. (Int +8, Str/Dex
                  | -2) [Xom's grace]
 12987 | D:11     | Gained mutation: You passively map a small area around you.
                  | [Xom's grace]
 12987 | D:11     | Gained mutation: Your spells are harder to cast, but more
                  | powerful. [Xom's grace]
 12995 | D:11     | XOM: confuse monster(s)
 13077 | D:11     | Noticed a centaur warrior
 13158 | D:11     | XOM: silly message
 13200 | Lair:1   | Entered Level 1 of the Lair of Beasts
 13262 | Lair:1   | XOM: enchant monster (bad)
 13266 | Lair:1   | Reached XP level 13. HP: 102/102 MP: 19/19
 13287 | Lair:1   | XOM: fog
 13407 | Lair:1   | XOM: polymorph yak -> shapeshifter
 13836 | Lair:1   | XOM: smoke on damage
 13844 | Lair:1   | XOM: potion effect (haste)
 14134 | Lair:1   | XOM: 1-stop teleportation journey
 14203 | Lair:1   | XOM: give mutation
 14203 | Lair:1   | Gained mutation: You have supernaturally acute eyesight.
                  | (SInv) [Xom's grace]
 14384 | Lair:2   | XOM: scenery: create altars
 14394 | Lair:2   | Reached skill level 10 in Fighting
 14560 | Lair:2   | XOM is BORED!
 14568 | Lair:2   | Found a staircase to the Swamp.
 14574 | Lair:2   | XOM: fake destruction
 14686 | Lair:2   | XOM: 2-stop teleportation journey
 14918 | Lair:2   | XOM: god gift: ring of the Tortoise {AC+8}
 14919 | Lair:2   | Found the ring of the Tortoise {AC+8}
 14946 | Lair:2   | XOM: divination: magic mapping
 15255 | Lair:2   | Found a hole to the Spider Nest.
 15275 | Lair:2   | XOM: summons 2 hostile shadow creatures
 15836 | Lair:3   | Found the +1 robe of Vines {NoPotionHeal Regen++++}
 15871 | Lair:3   | Reached skill level 10 in Short Blades
 15958 | Lair:3   | XOM: summons 4 hostile shadow creatures
 16053 | Lair:3   | XOM: give mutations
 16053 | Lair:3   | Lost mutation: You expend magic power (3 MP) to strengthen
                  | your wands. [Xom's mischief]
 16053 | Lair:3   | Lost mutation: You have sharp toenails. [Xom's mischief]
 16053 | Lair:3   | Lost mutation: Your muscles are strong. (Str +4, Int/Dex
                  | -1) [Xom's mischief]
 16086 | Lair:3   | XOM: give mutations
 16086 | Lair:3   | Lost mutation: You do not regenerate when monsters are
                  | visible. [Xom's mischief]
 16086 | Lair:3   | Lost mutation: You are partially covered in large bone
                  | plates. (SH +4) [Xom's mischief]
 16086 | Lair:3   | Lost mutation: You possess an exceptional clarity of mind.
                  | [Xom's mischief]
 16437 | Lair:3   | XOM: give mutation
 16437 | Lair:3   | Lost mutation: Your spells are harder to cast, but more
                  | powerful. [Xom's mischief]
 16547 | Lair:4   | XOM: 1-stop teleportation journey
 16560 | Lair:4   | XOM: confuse monster(s)
 16654 | Lair:4   | XOM: polymorph death yak -> wolf spider
 16681 | Lair:4   | Reached skill level 10 in Stealth
 16771 | Lair:4   | XOM: divination: detect creatures
 17067 | Lair:4   | Gained mutation: Your touch may irresistibly damage your
                  | foes and sap their willpower. [demonic ancestry]
 17067 | Lair:4   | Reached XP level 14. HP: 111/111 MP: 20/20
 17091 | Lair:4   | XOM: give mutation
 17091 | Lair:4   | Gained mutation: Your natural rate of healing is unusually
                  | fast. [Xom's grace]
 17182 | Lair:4   | XOM: 2-stop teleportation journey
 17355 | Lair:4   | XOM: destruction
 17623 | Lair:5   | Entered Level 5 of the Lair of Beasts
 17684 | Lair:5   | Reached skill level 10 in Dodging
 17740 | Lair:5   | Found a viscous altar of Jiyva.
 17742 | Lair:5   | Found a staircase to the Slime Pits.
 17770 | Lair:5   | XOM: destruction
 17819 | Lair:5   | Reached skill level 11 in Fighting
 17855 | Lair:5   | XOM: god gift: phial of floods
 17903 | Lair:5   | Reached skill level 1 in Evocations
 17946 | Lair:5   | XOM: summons 14 friendly demons
 17959 | Lair:5   | XOM: summons 4 hostile shadow creatures
 17968 | Lair:5   | XOM: chaos cloud
 18080 | Lair:5   | XOM: give mutations
 18080 | Lair:5   | Lost mutation: Your natural rate of healing is unusually
                  | fast. [Xom's mischief]
 18080 | Lair:5   | Lost mutation: You have supernaturally acute eyesight.
                  | (SInv) [Xom's mischief]
 18273 | Lair:5   | XOM: stat loss: -1 Int (21/22)
 18832 | D:11     | Found a staircase to the Orcish Mines.
 18867 | D:11     | Found a transporter.
 18874 | D:11     | Found a transporter.
 18908 | D:11     | Noticed Gosmif's ghost (journeyman DsSh)
 19100 | D:11     | XOM: swap monsters
 19186 | Orc:1    | XOM: noise
 19186 | Orc:1    | Entered Level 1 of the Orcish Mines
 19214 | Orc:1    | Noticed an orc warlord
 19241 | D:11     | XOM: noise
 19248 | D:11     | Killed an orc warlord
 19366 | Orc:1    | XOM: give mutations
 19366 | Orc:1    | Lost mutation: Your mind is very acute. (Int +8, Str/Dex
                  | -2) [Xom's mischief]
 19366 | Orc:1    | Lost mutation: Your mind is acute. (Int +4, Str/Dex -1)
                  | [Xom's mischief]
 19366 | Orc:1    | Lost mutation: You are covered in fur. (AC +1) [Xom's
                  | mischief]
 19676 | Orc:1    | Found Voephyre's Jewellery Boutique.
 19706 | Orc:1    | Noticed an orc warlord
 19723 | Orc:1    | XOM: swap monsters
 19729 | Orc:1    | XOM: silly message
 19741 | Orc:1    | Killed an orc warlord
 19833 | Orc:1    | XOM: noise
 19839 | Orc:1    | XOM: polymorph orc warrior -> glowing shapeshifter
 19883 | Orc:1    | XOM: polymorph orc warrior -> black bear
 19893 | Orc:1    | XOM: noise
 19903 | Orc:1    | XOM: enchant monster (good)
 19925 | Orc:1    | XOM: enchant monster (good)
 19976 | Orc:1    | XOM: swap monsters
 20245 | Orc:2    | Entered Level 2 of the Orcish Mines
 20285 | Orc:2    | XOM: 1-stop teleportation journey
 20292 | Orc:2    | XOM: cast spell 'Animate Armour'
 20435 | Orc:2    | XOM: give mutations
 20435 | Orc:2    | Lost mutation: You passively map a small area around you.
                  | [Xom's mischief]
 20435 | Orc:2    | Gained mutation: You are dopey. (Int -2) [Xom's mischief]
 20451 | Orc:2    | Noticed Saint Roka
 20539 | Orc:2    | XOM: swap monsters
 20575 | Orc:2    | XOM: confusion
 20601 | Orc:2    | XOM: divination: detect items
 20610 | Orc:2    | Killed Saint Roka
 20611 | Orc:2    | Gained mutation: You have a moderately thin skeletal
                  | structure. (Dex +4, Stealth++) [demonic ancestry]
 20611 | Orc:2    | Reached XP level 15. HP: 58/120 MP: 9/21
 20766 | Orc:2    | Noticed Maurice
 20823 | Orc:2    | Found a staircase to the Elven Halls.
 20903 | Orc:2    | Killed Maurice
 20915 | Orc:2    | XOM: summons 4 hostile shadow creatures
 20924 | Orc:2    | XOM: give mutations
 20924 | Orc:2    | Lost mutation: Your spells are a little harder to cast, but
                  | a little more powerful. [Xom's mischief]
 20924 | Orc:2    | Gained mutation: You have supernaturally acute eyesight.
                  | (SInv) [Xom's mischief]
 20924 | Orc:2    | Lost mutation: You have a pair of horns on your head.
                  | [Xom's mischief]
 20967 | Orc:2    | XOM: give mutations
 20967 | Orc:2    | Gained mutation: You passively dampen the noise of your
                  | surroundings. [Xom's mischief]
 20967 | Orc:2    | Lost mutation: You are resistant to electric shocks.
                  | (rElec) [Xom's mischief]
 21013 | Orc:2    | XOM: enchant monster (good)
 21016 | Orc:2    | XOM: god gift: book of Transmutation
 21036 | Orc:2    | Found Uffuring's Antique Armour Boutique.
 21036 | Orc:2    | Found Xafachy's General Store.
 21038 | Orc:2    | Found Ulas's Magic Scroll Boutique.
 21038 | Orc:2    | Found Usas's Assorted Antiques.
 21050 | Orc:2    | Bought a scroll of enchant weapon for 97 gold pieces
 21050 | Orc:2    | Bought a scroll of blinking for 97 gold pieces
 21051 | Orc:2    | Bought an inky potion for 30 gold pieces
 21054 | Orc:2    | Bought a scroll of enchant armour for 90 gold pieces
 21054 | Orc:2    | Bought a phantom mirror for 480 gold pieces
 21075 | Orc:2    | XOM: silly message
 21196 | D:11     | XOM: summons 1 hostile demon
 21269 | D:12     | XOM: stat loss: -1 Int (11/12)
 21370 | D:12     | XOM: noise
 21478 | D:12     | XOM is BORED!
 21478 | D:12     | XOM: draining
 21480 | D:12     | XOM: 1-stop teleportation journey
 21565 | D:12     | Reached skill level 12 in Fighting
 21702 | D:13     | Noticed Rupert
 21714 | D:13     | Demolished by Rupert

Illustrated notes

Levels and vault maps discovered:
D:1:      elethiomel_arrival_infinity_welcomes_careful_drivers, layout_basic
D:2:      layout_loops_corners, shapermc_ecumenical_altar_flowoftime
D:3:      layout_loops_ring, old_standard_altar, minitemple, uniq_natasha
D:4:      black_bear_nest_2, layout_basic, gammafunk_ghost_split
D:5:      layout_basic, mainiacjoe_overflow_alcove_1, nemelex_dance_club_becter,
          lemuel_tele_altar, minmay_temple_entry_trees
D:6:      layout_loops_ring, grunt_ministairs_5, uniq_prince_ribbit1
D:7:      layout_rooms, lemuel_zombie_altar_yredelemnul, uniq_maggie
D:8:      old_forge, layout_loops_ring, grunt_qazlal_sundering,
          minmay_misc_feat_five
D:9:      layout_roguey, okawaru_humans, serial_shops, shop, enter_bailey_4
D:10:     layout_irregular_city, erik_lair_island, nicolae_doodle_vault,
          uniq_harold
D:11:     layout_long_grid, orc_0_dummy, gammafunk_ghost_berserking_beasts
D:12:     layout_cave_pools
D:13:     layout_gridville, nicolae_transmutations_shop, zin_treasury,
          uniq_rupert
Lair:1:   layout_long_grid
Lair:2:   layout_loops_ring, swamp_mist, hellmonk_spider_entry_life_and_decay,
          st_stairs_10
Lair:3:   layout_chaotic_city, serial_bayou_shore_b
Lair:4:   minmay_lair_venomous_thicket, layout_cave_pods, grunt_megastairs_1
Lair:5:   gammafunk_lair_ancient_temple, layout_gridlike, slime_entry_1
Orc:1:    orc_temple, layout_diamond_mine, serial_shops, shop, mines2_lemuel
Orc:2:    grunt_orc_tribal_feast, layout_caves, basic_altar, uniq_saint_roka,
          uniq_maurice

Skill      XL: |  1  2  3  4  5  6  7  8  9 10 11 12 13 14 15 |
---------------+----------------------------------------------+-----
Dodging        | 2 3 4 5 6 7 8 9 10 11 | 11.0
Short Blades   | 3 4 5 6 7 8 9 10 11 | 11.3
Fighting       | 3 4 5 6 7 8 9 10 11 12 | 12.0
Stealth        | 1 2 3 4 5 6 7 8 10 11 | 11.3
Conjurations   | 4 5 |  5.3
Spellcasting   | 3 4 |  4.4
Hexes          | 1 3 5 6 8 |  8.6
Armour         | 2 3 5 6 8 9 |  9.6
Evocations     | 3 4 |  4.6

Action                     |  1- 3 |  4- 6 |  7- 9 | 10-12 | 13-15 || total
---------------------------+-------+-------+-------+-------+-------++-------
  Melee: Short sword       |   116 |   134 |       |       |       ||   250
         Touch             |    13 |    26 |    40 |   162 |   405 ||   646
         Punch             |     1 |       |     4 |    10 |    32 ||    47
         Dagger            |       |    62 |   278 |   144 |       ||   484
         Kick              |       |       |    15 |       |       ||    15
         Headbutt          |       |       |    18 |   199 |   550 ||   767
         Quick blade       |       |       |       |   555 |  1675 ||  2230
   Cast: Kiss of Death     |       |       |     2 |       |       ||     2
         Searing Ray       |       |       |       |     6 |       ||     6
         Dazzling Flash    |       |       |       |       |     4 ||     4
  Evoke: Wand              |       |       |       |     7 |     4 ||    11
         Phantom mirror    |       |       |       |       |     1 ||     1
    Use: Potion            |       |     2 |     9 |     1 |     2 ||    14
         Scroll            |       |       |    12 |     6 |     5 ||    23
   Stab: Sleeping          |     1 |     8 |    17 |    14 |    28 ||    68
         Distracted        |       |       |     2 |     3 |     6 ||    11
         Confused          |       |       |       |     3 |     1 ||     4
         Invisible         |       |       |       |       |     3 ||     3
         Paralysed         |       |       |       |       |     1 ||     1
         Petrified         |       |       |       |       |     1 ||     1
 Armour: Leather armour    |    61 |    91 |    80 |       |       ||   232
         Skin              |       |    20 |    14 |       |       ||    34
         Steam dragon scal |       |       |    43 |   223 |   155 ||   421
         Robe              |       |       |       |       |   337 ||   337
  Dodge: Dodged            |    70 |    62 |   135 |   274 |   591 ||  1132
  Block: Other             |       |       |    17 |    49 |    91 ||   157
         Reflection        |       |       |       |       |     9 ||     9

Table legend: (Time is in decaauts)
 A = Elapsed time spent in this place.
 B = Non-inter-level travel time spent in this place.
 C = Inter-level travel time spent in this place.
 D = Time resting spent in this place.
 E = Time spent auto-exploring this place.
 F = Levels seen in this place.
 G = Mean time per level.
                   A        B        C        D        E       F      G
               +--------+--------+--------+--------+--------+-----+--------+
         Total |  21242 |  20383 |    859 |   3767 |  12132 |  21 | 1011.5 |
       Dungeon |  13322 |  12819 |    503 |   2954 |   7383 |  13 | 1024.8 |
          Lair |   5364 |   5095 |    269 |    561 |   3532 |   5 | 1072.8 |
  Orcish Mines |   1842 |   1756 |     86 |    125 |    975 |   2 |  921.0 |
        Bailey |    713 |    713 |      0 |    126 |    241 |   1 |  713.0 |
               +--------+--------+--------+--------+--------+-----+--------+

Top non-repeatable levels by time:
    D:10: 2314 daAuts
     D:3: 1452 daAuts
     D:5: 1437 daAuts
  Lair:2: 1363 daAuts
     D:6: 1260 daAuts
  Lair:4: 1147 daAuts
  Lair:1: 1143 daAuts
     D:1: 1111 daAuts
     D:4: 1082 daAuts
   Orc:1: 1021 daAuts
     D:8: 1013 daAuts
  Lair:5: 945 daAuts
     D:2: 924 daAuts
    D:11: 869 daAuts
     D:7: 825 daAuts
